 Dungeon Crawl Stone Soup version 0.29.0-13-gc9e81de378 (webtiles) character file.

Game seed: 4427311184667147514

35 emagee the Caller (level 3, 0/21 HPs)
             Began as an Octopode Summoner on Sept 10, 2022.
             Killed from afar by Sigmund (7 damage)
             ... with a magic dart
             ... on level 2 of the Dungeon.
             The game lasted 00:04:02 (1518 turns).

emagee the Caller (Octopode Summoner)               Turns: 1518, Time: 00:04:02

Health: 0/21       AC:  3    Str:  7    XL:     3   Next: 35%
Magic:  5/7        EV: 17    Int: 19    God:
Gold:   41         SH:  0    Dex: 18    Spells: 1/7 levels left

rFire   . . .      SeeInvis .   g - +1 short sword (venom)
rCold   . . .      Faith    .   (no shield)
rNeg    . . .      Spirit   .   d - +2 hat {Will+}
rPois   .          Reflect  .   (no amulet)
rElec   .          Harm     .   f - +4 ring of evasion
rCorr   .          Rampage  .   k - +6 ring of dexterity
Will    +....                   (no ring)
Stlth   +++.......              (no ring)
HPRegen 0.07/turn               (no ring)
MPRegen 0.10/turn               (no ring)
                                (no ring)
                                (no ring)

@: no status effects
A: almost no armour, amphibious, 8 rings, camouflage 1, gelatinous body 1,
(nimble swimmer 1), tentacles
a: no special abilities


You were on level 2 of the Dungeon.
You visited 1 branch of the dungeon, and saw 2 of its levels.

You collected 41 gold pieces.

Inventory:

Hand Weapons
 g - a +1 short sword of venom (weapon)
Armour
 d - a +2 hat of willpower (worn)
Jewellery
 f - a +4 ring of evasion (left tentacle)
 k - a +6 ring of dexterity (right tentacle)
Scrolls
 b - 2 scrolls of identify {unknown}
 c - a scroll of fear {unknown}
 h - a scroll of fog {unknown}
 j - a scroll of torment {unknown}
Potions
 a - a potion of magic
 e - a potion of cancellation {unknown}
 i - a potion of heal wounds {unknown}


   Skills:
 - Level 2.0 Dodging
 - Level 2.6 Stealth
 + Level 2.8 Spellcasting
 + Level 4.5 Summonings


You had one spell level left.
You knew the following spells:

 Your Spells              Type           Power      Damage    Failure   Level
a - Summon Small Mammal   Summ           80%        N/A       2%          1
b - Call Imp              Summ           20%        N/A       3%          2
c - Call Canine Familiar  Summ           20%        N/A       7%          3

Your spell library contained the following spells:

 Spells                   Type           Power      Damage    Failure   Level
 Foxfire                  Conj/Fire      8%         2x1d4     16%         1
 Summon Guardian Golem    Hex/Summ       11%        N/A       19%         3
 Conjure Flame            Conj/Fire      2%         6-21      43%         3
 Inner Flame              Hex/Fire       2%         N/A       43%         3
 Summon Lightning Spire   Summ/Air       11%        N/A       52%         4
 Flame Wave               Conj/Fire      2%         2d4       83%         4


Dungeon Overview and Level Annotations

Branches:
Dungeon (2/15)

Altars:

Annotations:
D:2 Sigmund


Innate Abilities, Weirdness & Mutations

You cannot wear most types of armour.
You are amphibious.
You can wear up to eight rings at the same time.
Your skin changes colour to match your surroundings (Stealth+).
Your rubbery body absorbs attacks. (AC +1, EV +1)
((You are camouflaged when in or above water. (Stealth+)))
You have tentacles for arms and can constrict up to eight enemies at once.


Message History

A rat comes into view.
You hit the rat but do no damage. You grab the rat.
You constrict the rat, but do no damage.
The rat misses you.
You hit the rat.
You kill the rat!
There is an open door here.
Done exploring.
Done exploring.
You see here a +0 club.
You see here a +0 club.
There is a stone staircase leading down here.
You climb downwards.
Found a scroll labelled LEZE BAROUWK, 5 stones and an emerald ring.
There is a stone staircase leading up here.
j - a scroll labelled LEZE BAROUWK
k - a +6 ring of dexterity You feel agile.
k - a +6 ring of dexterity (right tentacle)
You now have 41 gold pieces (gained 7).
A giant cockroach comes into view.
Sigmund the Dreaded comes into view.
He is wielding a +0 scythe.
The helpless giant cockroach fails to defend itself.
You puncture the giant cockroach!
You kill the giant cockroach!
Sigmund laughs darkly.
Sigmund closely misses you. Sigmund gestures at you while chanting.
The puff of flame hits you!
Ouch! That really hurt!
Casting: Summon Small Mammal (safe; 2% risk of failure)
Confirm with . or Enter, or press ? or * to list all spells.
A beastly little devil appears in a puff of flame.
Sigmund hits your crimson imp with a +0 scythe.
Your crimson imp closely misses Sigmund.
Sigmund misses your crimson imp.
Your crimson imp blinks!
Sigmund gestures at you while chanting. The magic dart hits you!
You die...

.##############
......5@......##
######.######@.# #.
##.# #. #.# #. #.#
#.#######.#
#.........###
########....##########
####.##........
#....######.


You could see Sigmund (ally target) and a friendly crimson imp (summoned).

Vanquished Creatures
  3 endoplasms (D:1)
  2 giant cockroaches
  2 goblins (D:1)
  2 hobgoblins (D:1)
  A jackal (D:1)
  2 kobolds (D:1)
  A quokka (D:1)
  3 ball pythons (D:1)
  2 bats (D:1)
  A rat (D:1)
19 creatures vanquished.

Vanquished Creatures (collateral kills)
  2 endoplasms (D:1)
  2 goblins (D:1)
  A hobgoblin (D:1)
  A jackal (D:1)
  2 kobolds (D:1)
  4 rats (D:1)
12 creatures vanquished.

Grand Total: 31 creatures vanquished

Notes
Turn   | Place    | Note
-------+----------+-------------------------------------------
     0 | D:1      | emagee the Octopode Summoner began the quest for the Orb.
     0 | D:1      | Reached XP level 1. HP: 11/11 MP: 3/3
   266 | D:1      | Reached XP level 2. HP: 17/17 MP: 5/5
   550 | D:1      | Learned a level 2 spell: Call Imp
   900 | D:1      | Reached XP level 3. HP: 17/21 MP: 2/6
   940 | D:1      | Learned a level 3 spell: Call Canine Familiar
  1505 | D:2      | Noticed Sigmund
  1518 | D:2      | Killed from afar by Sigmund

Illustrated notes

Levels and vault maps discovered:
D:1:      dpeg_arrival_rooms_b, layout_loops_corners
D:2:      layout_rooms, serial_co_window_serial, co_window_paths_a,
          co_window_paths_b, co_window_corner_a, co_window_corner_a,
          co_window_paths_b, co_window_2corner, co_window_unsneaky_path_c,
          co_window_cross_4, co_window_paths_c, co_window_cross_2,
          co_window_2corner, co_window_2corner, glass_columns_a,
          glass_columns_a, glass_columns_a, glass_columns_a,
          uniq_crazy_yiuf_cottage, uniq_sigmund

Action                   || total
-------------------------++-------
Melee: Unarmed           ||    27
       Constrict         ||    13
       Tentacles         ||    10
       Punch             ||     3
       Short sword       ||    16
 Cast: Summon Small Mamm ||    18
       Call Imp          ||     7
 Stab: Sleeping          ||     6
Armor: Skin              ||    10
Dodge: Dodged            ||    30
